 Dungeon Crawl Stone Soup version 0.22-b1-21-g5cfc168 (webtiles) character file.

3184 letownia2 the Fighter (level 9, -6/77 HPs)
             Began as a Demonspawn Transmuter on Aug 5, 2018.
             Was a Follower of Cheibriados.
             Mangled by a komodo dragon (14 damage)
             ... on level 8 of the Dungeon.
             The game lasted 00:28:22 (4096 turns).

letownia2 the Fighter (Demonspawn Transmuter)       Turns: 4096, Time: 00:28:23

Health: -6/77      AC:  9    Str: 17    XL:     9   Next: 64%
Magic:  0/13       EV: 11    Int: 18    God:    Cheibriados [*.....]
Gold:   234        SH:  0    Dex: 19    Spells: 9/13 levels left

rFire    . . .     SeeInvis .   x - +7 short sword of Zorul {pierce, Fragile +Inv rC++ Dex+3}
rCold    + + .     Gourm    .   (no shield)
rNeg     . . .     Faith    .   D - +0 ring mail
rPois    .         Spirit   +   (no helmet)
rElec    .         Reflect  .   (no cloak)
rCorr    .         Harm     .   (no gloves)
MR       .....     Rnd*Tele +   (no boots)
Stlth    +.........             I - amulet of the acrobat
HPRegen  0.22/turn              f - ring of teleportation (curse)
MPRegen  0.13/turn              i - +2 ring of protection

@: very slightly contaminated, very slow
A: hooves 1, molten scales 1, spiny 1, magic shield
a: Bend Time, Renounce Religion, Evoke Invisibility


You were on level 8 of the Dungeon.
You worshipped Cheibriados.
Cheibriados was aware of your devotion.
You were very hungry.

You visited 2 branches of the dungeon, and saw 9 of its levels.

You collected 349 gold pieces.
You spent 115 gold pieces at shops.

Inventory:

Hand Weapons
 v - a +0 dagger of speed
 x - the +7 short sword of Zorul (weapon) {pierce, Fragile +Inv rC++ Dex+3}
   (You took it off an orc on level 4 of the Dungeon)

   It inflicts extra damage upon your enemies.
   It affects your dexterity (+3).
   It greatly protects you from cold.
   It lets you turn invisible.
   It will be destroyed if unequipped.
 y - a +2 dagger of venom
 S - a +0 short sword of distortion
 T - a +0 short sword of distortion
Missiles
 a - 138 arrows
 j - 5 tomahawks (quivered)
 l - 32 poisoned needles
Armour
 b - a +0 robe
 c - a +0 helmet
 e - a +0 scale mail
 n - a +0 leather armour
 t - a +0 buckler
 D - a +0 ring mail (worn)
Magical Staves
 B - an uncursed staff of poison {unknown}
Jewellery
 f - a cursed ring of teleportation (left hand)
 g - an uncursed ring of fire
 i - a +2 ring of protection (right hand)
 I - an amulet of the acrobat (around neck)
Wands
 L - a wand of paralysis (9)
 R - a wand of disintegration (42)
Scrolls
 h - 3 scrolls of teleportation
 p - 2 scrolls of identify
 u - a scroll of amnesia {unknown}
 w - 2 scrolls of enchant weapon {unknown}
 z - 2 scrolls of remove curse {unknown}
 A - 2 scrolls of blinking
 C - 4 scrolls of immolation {unknown}
 E - 2 scrolls of enchant armour {unknown}
 J - 2 scrolls of random uselessness {unknown}
 N - a scroll of fear {unknown}
 O - a scroll of fog {unknown}
 Q - a scroll of silence {unknown}
Potions
 k - a potion of heal wounds {unknown}
 m - 2 potions of curing
 o - a potion of flight {unknown}
 q - a potion of cancellation {unknown}
 r - 2 potions of lignification {unknown}
 s - a potion of haste {unknown}
 F - a potion of might
 G - a potion of magic
 H - a potion of resistance
 M - a potion of berserk rage
 P - a potion of agility
Comestibles
 d - 7 rations


   Skills:
 - Level 9.6 Fighting
 - Level 1.3 Armour
 - Level 1.7 Dodging
 + Level 7.0 Unarmed Combat
 - Level 2.8 Spellcasting
 - Level 3.4 Transmutations
 - Level 2.2 Poison Magic
 - Level 3.6 Invocations
 - Level 2.6 Evocations


You had 9 spell levels left.
You knew the following spells:

 Your Spells              Type           Power        Failure   Level  Hunger
a - Beastly Appendage     Tmut           ###...       8%          1    None
p - Spider Form           Tmut/Pois      ##........   28%         3    ###....

Your spell library contained the following spells:

 Spells                   Type           Power        Failure   Level  Hunger
 Blade Hands              Tmut           ###.......   90%         5    ######.
 Ice Form                 Ice/Tmut       #.......     83%         4    ####...
 Sticks to Snakes         Tmut           ###.....     11%         2    ##.....


Dungeon Overview and Level Annotations

Branches:
Dungeon (8/15)             Temple (1/1) D:4            Lair (0/6) D:8

Altars:
Ashenzari
Cheibriados
Dithmenos
Elyvilon
Fedhas
Gozag
Hepliaklqana
Kikubaaqudgha
Makhleb
Nemelex Xobeh
Okawaru
Qazlal
Ru
Sif Muna
Trog
Uskayaw
Vehumet
Wu Jian
Xom
Yredelemnul
Zin
The Shining One

Shops:
D:4 =?}

Annotations:
D:6 Duvessa
D:7 Huatwef's ghost, novice DsAK


Innate Abilities, Weirdness & Mutations

You have large cloven feet.
You are partially covered in molten scales. (AC +2)
You are partially covered in sharp spines.
When hurt, damage is shared between your health and your magic reserves.


Message History

The bullfrog is struck by your spines.
You kill the bullfrog!
Cheibriados thoroughly appreciates the change of pace.
Your Unarmed Combat skill increases to level 7!
The komodo dragon misses you.
Unknown command.
Unknown command.
Unknown command.
Unknown command.
You hit the komodo dragon.
The komodo dragon is severely wounded.
The komodo dragon barely misses you.
Unknown command.
You catch the helpless komodo dragon completely off-guard!
You hit the komodo dragon.
You kick the komodo dragon, but do no damage.
The komodo dragon is almost dead.
You flicker back into view.
The komodo dragon barely misses you. The komodo dragon bites you!
You die...

.. . # #####
.#.# .... ..$
##..##..
###.....###
##.....†.P.##
#.#....†lPP.PP#
#.....P@P.PPPP#
#.....PPP...PP#
##.P.PPPP.>.PP#


##PPPPPP...PP# ##PPPPPPPPP## ########### ......o.. You could see a komodo
dragon.

Vanquished Creatures
  Grinder (D:6)
  2 hippogriffs
  Sigmund (D:2)
  Edmund (D:5)
  An orc warrior (D:8)
  An ice beast (D:5)
  A sky beast (D:6)
  2 ogres
  3 centaurs
  6 big kobolds (D:7)
  2 bullfrogs
  A scorpion (D:6)
  8 killer bees
  Dowan (D:6)
  5 crimson imps
  2 orc priests
  A hound (D:4)
  A bullfrog skeleton (D:5)
  4 orc wizards
  2 worker ants
  A hound zombie (D:7)
  A hound skeleton (D:4)
  Robin (D:4)
  5 adders
  A shadow imp (D:5)
  2 oozes
  An adder skeleton (D:4)
  A worm (D:4)
  3 dart slugs
  3 leopard geckos
  30 orcs
  7 bats
  7 giant cockroaches
  14 goblins
  12 hobgoblins
  10 jackals
  5 kobolds
  6 quokkas
  2 ball pythons
  A ball python skeleton (D:5)
  6 frilled lizards
  A jackal skeleton (D:6)
  A quokka skeleton (D:5)
  11 rats
  A plant (D:8)
179 creatures vanquished.

Notes
Turn   | Place    | Note
-------+----------+-------------------------------------------
     0 | D:1      | letownia2 the Demonspawn Transmuter began the quest for the Orb.
     0 | D:1      | Reached XP level 1. HP: 15/15 MP: 3/3
    81 | D:1      | Gained mutation: When hurt, damage is shared between your health and your magic reserves. [demonic ancestry]
    81 | D:1      | Reached XP level 2. HP: 19/21 MP: 3/5
   415 | D:1      | Gained mutation: You are partially covered in molten scales. (AC +2) [demonic ancestry]
   415 | D:1      | Reached XP level 3. HP: 26/26 MP: 4/6
   709 | D:2      | Learned a level 3 spell: Spider Form
   718 | D:3      | Reached XP level 4. HP: 27/32 MP: 5/7
   938 | D:2      | Found a white marble altar of Elyvilon.
   938 | D:2      | Noticed Sigmund
   962 | D:2      | Killed Sigmund
   962 | D:2      | Reached skill level 5 in Unarmed Combat
   962 | D:2      | Gained mutation: You have large cloven feet. [demonic ancestry]
   962 | D:2      | Reached XP level 5. HP: 8/37 MP: 3/8
  1152 | D:3      | Found a radiant altar of Vehumet.
  1176 | D:3      | Reached XP level 6. HP: 34/43 MP: 9/9
  1258 | D:4      | Noticed Robin
  1317 | D:4      | Reached skill level 1 in Armour
  1342 | D:4      | Killed Robin
  1377 | D:4      | Reached skill level 2 in Fighting
  1482 | D:4      | Found a staircase to the Ecumenical Temple.
  1490 | Temple   | Entered the Ecumenical Temple
  1623 | D:4      | Found Zoawk's Gadget Shop.
  1705 | D:4      | Got an ichor-stained short sword {pierce}
  1706 | D:4      | Identified the +7 short sword of Zorul {pierce, Fragile +Inv rC++ Dex+3} (You took it off an orc on level 4 of the Dungeon)
  1782 | D:4      | Reached skill level 3 in Fighting
  1782 | D:4      | Reached XP level 7. HP: 44/52 MP: 10/10
  1815 | D:4      | Found Inoich's Magic Scroll Shop.
  1824 | D:4      | Bought a scroll of teleportation for 33 gold pieces
  1824 | D:4      | Bought a scroll of blinking for 82 gold pieces
  1846 | D:5      | Entered Level 5 of the Dungeon
  1882 | D:5      | Reached skill level 4 in Fighting
  1923 | D:5      | Found a sparkling altar of Nemelex Xobeh.
  1998 | D:5      | Noticed Edmund
  2018 | D:5      | Killed Edmund
  2018 | D:5      | Reached skill level 5 in Fighting
  2102 | D:6      | Noticed Grinder
  2108 | D:6      | Reached skill level 6 in Fighting
  2118 | D:6      | Killed Grinder
  2118 | D:6      | Reached skill level 7 in Fighting
  2118 | D:6      | Gained mutation: You are partially covered in sharp spines. [demonic ancestry]
  2118 | D:6      | Reached XP level 8. HP: 29/67 MP: 8/11
  2137 | D:6      | Found a glowing golden altar of the Shining One.
  2177 | D:6      | Noticed Dowan
  2203 | D:5      | Reached skill level 8 in Fighting
  2237 | D:5      | Found a basalt altar of Yredelemnul.
  2242 | D:5      | Found a sacrificial altar of Ru.
  2360 | D:5      | Found a burning altar of Makhleb.
  2360 | D:5      | Noticed a cacodemon
  2374 | D:5      | Reached skill level 9 in Fighting
  2781 | D:4      | Found Eshreh's Jewellery Boutique.
  3133 | D:6      | Killed Dowan
  3152 | D:6      | Noticed Duvessa
  3154 | D:6      | Found a snail-covered altar of Cheibriados.
  3162 | D:6      | Became a worshipper of Cheibriados the Contemplative
  3213 | D:6      | Reached XP level 9. HP: 59/77 MP: 9/12
  3473 | D:7      | Found an opulent altar of Gozag.
  3513 | D:7      | Reached * piety under Cheibriados
  3564 | D:7      | Found an ancient bone altar of Kikubaaqudgha.
  3623 | D:7      | Found an ornate altar of the Wu Jian Council.
  3629 | D:7      | Found a runed gate.
  3635 | D:7      | Reached skill level 1 in Invocations
  3635 | D:7      | Reached skill level 1 in Evocations
  3636 | D:7      | Noticed Huatwef's ghost (novice DsAK)
  3637 | D:7      | Found a runed gate.
  3637 | D:7      | Found a runed gate.
  3694 | D:7      | Found an iron altar of Okawaru.
  3698 | D:7      | Found a blossoming altar of Fedhas.
  3700 | D:7      | Found a hazy altar of Hepliaklqana.
  3773 | D:8      | Found an iron altar of Okawaru.
  4075 | D:8      | Found a staircase to the Lair.
  4075 | D:8      | Noticed a komodo dragon
  4096 | D:8      | Mangled by a komodo dragon

Skill      XL: |  1  2  3  4  5  6  7  8  9 |
---------------+----------------------------+-----
Unarmed Combat | 3 4 5 7 |  7.0
Transmutations | 2 3 |  3.4
Poison Magic   | 2 |  2.2
Armour         | 1 |  1.3
Fighting       | 3 7 9 |  9.6
Invocations    | 3 |  3.6
Evocations     | 2 |  2.6
Dodging        | |  1.7
Spellcasting   | |  2.8

Action                   |  1- 3 |  4- 6 |  7- 9 || total
-------------------------+-------+-------+-------++-------
Melee: Unarmed           |   155 |   159 |       ||   314
       Headbutt          |    12 |     1 |       ||    13
       Kick              |     6 |    19 |    64 ||    89
       Punch             |     2 |       |     3 ||     5
       Short sword       |       |     9 |   216 ||   225
Throw: Tomahawk          |     3 |       |     1 ||     4
 Cast: Beastly Appendage |    22 |     6 |       ||    28
       Spider Form       |       |     8 |       ||     8
 Abil: Evoke Invisibilit |       |       |     3 ||     3
Evoke: Wand              |       |       |     9 ||     9
  Use: Potion            |       |     2 |       ||     2
       Scroll            |       |       |     8 ||     8
 Stab: Invisible         |       |       |     6 ||     6
       Paralysed         |       |       |     3 ||     3
  Eat: Chunk             |       |     5 |     4 ||     9
       Ration            |       |       |     1 ||     1
Armor: Robe              |    76 |    20 |       ||    96
       Skin              |       |     3 |       ||     3
       Leather armour    |       |    19 |    12 ||    31
       Ring mail         |       |       |    61 ||    61
Dodge: Dodged            |   134 |   117 |   118 ||   369
